 Dungeon Crawl Stone Soup version 0.31-a0-232-gb1c03b2570 (webtiles) character file.

Game seed: 16990087935419037992

1071 Edyrem the Skirmisher (level 8, -7/45 HPs)
             Began as a Tengu Hunter on July 7, 2023.
             Mangled by a troll (9 damage)
             ... on level 5 of the Dungeon.
             The game lasted 00:09:11 (4459 turns).

Edyrem the Skirmisher (Tengu Hunter)                Turns: 4459, Time: 00:09:11

Health: -7/45      AC:  7    Str: 17    XL:     8   Next: 28%
Magic:  8/8        EV: 19    Int:  8    God:
Gold:   262        SH:  0    Dex: 18    Spells: 7/7 levels left

rFire   . . .        k - +2 whip (elec)
rCold   + . .        (no shield)
rNeg    . . .        c - +0 leather armour
rPois   .            (helmet restricted)
rElec   .            e - +0 cloak
rCorr   .            m - +0 pair of gloves
SInv    .            (boots unavailable)
Will    .....        (no amulet)
Stlth   ++           n - ring of protection from cold
HPRegen 0.27/turn    u - +5 ring of evasion
MPRegen 0.11/turn

%: no passive effects
@: flying quickly and evasively, quick
A: beak, talons 3, nimble flight, iridescent scales 1, frail 1, low MP 1, strong
1
a: no special abilities


You were on level 5 of the Dungeon.
You visited 1 branch of the dungeon, and saw 5 of its levels.

You collected 262 gold pieces.

Inventory:

Hand Weapons
 a - a +1 shortbow
 b - a +3 dagger
 j - the +6 Majin-Bo {spellvamp, MP+6 Int+6}
   (You took it off a kobold on level 2 of the Dungeon)

   Int:       It affects your intelligence (+6).
   MP:        It affects your magic capacity (+6).
 k - a +2 whip of electrocution (weapon)
Missiles
 q - 2 throwing nets
Armour
 c - a +0 leather armour (worn)
 e - a +0 cloak (worn)
 m - a +0 pair of gloves (worn)
Jewellery
 n - a ring of protection from cold (left hand)
 u - a +5 ring of evasion (right hand)
Wands
 o - a wand of mindburst (8)
Scrolls
 g - a scroll of butterflies
 l - a scroll of teleportation
Potions
 d - a potion of curing {@q2}
 f - 2 potions of mutation
 h - a potion of heal wounds {unknown}
 i - 2 potions of brilliance {unknown}
 p - a potion of degeneration {unknown}
 s - a potion of cancellation {unknown}


   Skills:
 + Level 5.9 Fighting
 * Level 9.5 Ranged Weapons
 - Level 2.1 Dodging
 - Level 1.0 Stealth


You had 7 spell levels left.
You didn't know any spells.
Your spell library contained the following spells:

 Spells                   Type           Power      Damage    Failure   Level
 Beastly Appendage        Tmut           0%         N/A       47%         1
 Freeze                   Ice            0%         1d3       47%         1
 Wereblood                Tmut           0%         N/A       63%         2
 Frozen Ramparts          Ice            0%         1d1       85%         3
 Hailstorm                Conj/Ice       0%         3d3       85%         3
 Spider Form              Tmut/Pois      0%         N/A       85%         3


Dungeon Overview and Level Annotations

Branches:
Dungeon (5/15)
 Temple: D:4-7

Altars:
Fedhas
Wu Jian

Annotations:
D:5 Edmund


Innate Abilities, Weirdness & Mutations

You have a beak for a mouth.
You have claws for feet.
Your magical nature lets you fly swiftly and evasively.
You are partially covered in iridescent scales. (AC +2)
You are frail. (-10% HP)
Your magical capacity is low. (-10% MP)
Your muscles are strong. (Str +4, Int/Dex -1)


Message History

You shoot an arrow. The arrow hits the troll.
The troll is lightly wounded.
You shoot an arrow. The arrow hits the troll!
The troll is moderately wounded.
You shoot an arrow. The arrow hits the troll.
The troll is moderately wounded.
You shoot an arrow. The arrow closely misses the troll.
The troll closely misses you. The troll claws you. The troll misses you.
You shoot an arrow. The arrow completely misses the troll.
The troll completely misses you. The troll closely misses you.
The troll claws you!
Okay, then.
It was a potion of mutation.
You feel extremely strange.
You feel stronger.
You feel less energetic.
You feel frail.
Iridescent scales grow over part of your body.
The troll completely misses you. The troll barely misses you.
The troll closely misses you.
You shoot an arrow. The arrow closely misses the troll.
The troll closely misses you. The troll misses you.
The troll completely misses you.
You shoot an arrow. The arrow closely misses the troll.
The troll bites you but does no damage. The troll claws you!
The troll barely misses you.
You shoot an arrow. The arrow hits the troll.
The troll is moderately wounded.
The troll bites you. The troll closely misses you. The troll claws you!
You hear the crackle of electricity.
k - a +2 whip of electrocution (weapon)
You barely miss the troll. You claw the troll, but do no damage.
Your peck misses the troll.
The troll is lightly wounded.
The troll closely misses you. The troll claws you!
* * * LOW HITPOINT WARNING * * *
The troll completely misses you.
You hit the troll. You claw the troll. You peck the troll, but do no damage.
The troll is moderately wounded.
The troll bites you!
* * * LOW HITPOINT WARNING * * *
The troll claws you!
You die...

### ### #######.########.#
#.......#.@T.....########
#.#####.#.######.##^....#
#.# #.#.# #.##.###.# #.#
#.#'######'##.###.# #.#
#.......#.........### #.#
#.......#............
#K#####.......#........####
#....##.......#........####
#####K##.......#............


You could see a troll.

Vanquished Creatures
  Pikel (D:5)
  A water moccasin (D:5)
  2 lemures (D:5)
  An ogre (D:5)
  A centaur (D:5)
  A jelly (D:5)
  A hound (D:3)
  Crazy Yiuf (D:2)
  An iguana (D:5)
  4 gnolls (D:4)
  9 adders
  2 white imps
  A worm (D:2)
  3 dart slugs
  9 orcs
  7 ball pythons
  8 endoplasms
  3 giant cockroaches
  3 goblins
  7 hobgoblins
  7 jackals
  13 kobolds
  2 quokkas (D:1)
  2 bats
  4 frilled lizards
  2 rats
96 creatures vanquished.

Notes
Turn   | Place    | Note
-------+----------+-------------------------------------------
     0 | D:1      | Edyrem the Tengu Hunter began the quest for the Orb.
     0 | D:1      | Reached XP level 1. HP: 12/12 MP: 2/2
    85 | D:1      | Noticed a great orb of eyes
    92 | D:1      | Noticed a great orb of eyes
   137 | D:1      | Reached XP level 2. HP: 18/18 MP: 3/3
   379 | D:1      | Found a faded altar of an unknown god.
   381 | D:1      | Noticed an eye of devastation
   386 | D:1      | Noticed a great orb of eyes
   528 | D:1      | Reached XP level 3. HP: 22/22 MP: 4/4
   810 | D:2      | Reached skill level 5 in Ranged Weapons
   969 | D:2      | Reached XP level 4. HP: 28/28 MP: 5/5
  1503 | D:2      | Found a runed translucent door.
  1504 | D:2      | Noticed Crazy Yiuf
  1996 | D:2      | Killed Crazy Yiuf
  2165 | D:3      | Gained mutation: Your magical nature lets you fly swiftly
                  | and evasively. [Tengu growth]
  2165 | D:3      | Reached XP level 5. HP: 27/32 MP: 6/6
  2192 | D:3      | Reached skill level 6 in Ranged Weapons
  3041 | D:3      | Reached XP level 6. HP: 32/38 MP: 7/7
  3067 | D:4      | Found a blossoming altar of Fedhas.
  3289 | D:4      | Found an ornate altar of the Wu Jian Council.
  3406 | D:5      | Entered Level 5 of the Dungeon
  3454 | D:5      | Reached skill level 7 in Ranged Weapons
  3524 | D:5      | HP: 1/39 [centaur/arrow (9)]
  3537 | D:5      | Reached XP level 7. HP: 18/44 MP: 8/8
  3662 | D:5      | Reached skill level 5 in Fighting
  3662 | D:5      | Reached skill level 8 in Ranged Weapons
  3708 | D:5      | Noticed a troll
  3712 | D:5      | Noticed Edmund
  4094 | D:5      | Noticed Pikel
  4288 | D:5      | Killed Pikel
  4289 | D:5      | Reached skill level 9 in Ranged Weapons
  4289 | D:5      | Reached XP level 8. HP: 16/51 MP: 9/9
  4447 | D:5      | Gained mutation: Your muscles are strong. (Str +4, Int/Dex
                  | -1) [potion of mutation]
  4447 | D:5      | Gained mutation: Your magical capacity is low. (-10% MP)
                  | [potion of mutation]
  4447 | D:5      | Gained mutation: You are frail. (-10% HP) [potion of
                  | mutation]
  4447 | D:5      | Gained mutation: You are partially covered in iridescent
                  | scales. (AC +2) [potion of mutation]
  4459 | D:5      | HP: 2/45 [troll (8)]
  4459 | D:5      | Mangled by a troll

Illustrated notes

Levels and vault maps discovered:
D:1:      eino_arrival_water_star, layout_basic,
          hellmonk_ecumenical_altar_watching_god
D:2:      layout_loops_ring, uniq_crazy_yiuf_cottage
D:3:      layout_loops_cross
D:4:      layout_cave_pools, nzn_wu_jian_council_hall,
          mainiacjoe_overflow_cross_hatched
D:5:      layout_basic, okawaru_trees_2, roderic_serpentine_path,
          hangedman_abyss_or_decor_slice, chequers_serial_rivers_room_b,
          uniq_edmund, uniq_pikel

Skill      XL: |  1  2  3  4  5  6  7 |
---------------+----------------------+-----
Ranged Weapons | 5 6 7 9 |  9.5
Fighting       | 3 4 5 |  5.9
Dodging        | |  2.1
Stealth        | |  1.0

Action                     |  1- 3 |  4- 6 |  7- 9 || total
---------------------------+-------+-------+-------++-------
  Melee: Dagger            |       |     4 |     3 ||     7
         Kick              |       |     2 |     4 ||     6
         Peck              |       |     2 |     1 ||     3
         Whip              |       |       |     2 ||     2
   Fire: Shortbow          |   110 |   194 |   100 ||   404
    Use: Scroll            |       |     8 |       ||     8
         Potion            |       |     2 |     1 ||     3
 Armour: Leather armour    |    17 |    20 |     6 ||    43
  Dodge: Dodged            |    32 |    88 |    66 ||   186

Table legend: (Time is in decaauts)
 A = Elapsed time spent in this place.
 B = Non-inter-level travel time spent in this place.
 C = Inter-level travel time spent in this place.
 D = Time resting spent in this place.
 E = Time spent auto-exploring this place.
 F = Levels seen in this place.
 G = Mean time per level.
                   A        B        C        D        E       F      G
               +--------+--------+--------+--------+--------+-----+--------+
         Total |   4339 |   4003 |    336 |    293 |   2762 |   5 |  867.8 |
       Dungeon |   4339 |   4003 |    336 |    293 |   2762 |   5 |  867.8 |
               +--------+--------+--------+--------+--------+-----+--------+

Top non-repeatable levels by time:
     D:2: 1310 daAuts
     D:5: 878 daAuts
     D:1: 820 daAuts
     D:4: 666 daAuts
     D:3: 663 daAuts
